 Dungeon Crawl Stone Soup version 0.25.1-2-g60ff931df9 (webtiles) character file.

Game seed: 4261453288595347922

6278 tzx the Cleaver (level 10, -1/135 (136) HPs)
             Began as a Hill Orc Berserker on Sept 8, 2020.
             Was a High Priest of Trog.
             Slain by Snorg (9 damage)
             ... on level 10 of the Dungeon.
             The game lasted 00:53:51 (10666 turns).

tzx the Cleaver (Hill Orc Berserker)               Turns: 10666, Time: 00:53:51

HP:   -1/135 (136)  AC: 20    Str: 23    XL:     10   Next: 94%
MP:   10/10         EV:  5    Int:  7    God:    Trog [*****.]
Gold: 399           SH:  0    Dex: 11    Spells: 9/9 levels left

rFire    + . .     SeeInvis +   r - +0 battleaxe (drain)
rCold    + . .     Gourm    .   (shield currently unavailable)
rNeg     . . .     Faith    .   v - +0 gold dragon scales
rPois    +         Spirit   .   (no helmet)
rElec    .         Reflect  .   (no cloak)
rCorr    .         Harm     .   (no gloves)
MR       .....                  (no boots)
Stlth    ..........             E - amulet of the acrobat
HPRegen  0.32/turn              u - +4 ring of protection
MPRegen  0.12/turn              x - ring of Tamahoot {rPois SInv}

@: berserking (expiring), very quick
A: no striking features
a: Berserk, Trog's Hand, Brothers in Arms, Renounce Religion


You were on level 10 of the Dungeon.
You worshipped Trog.
Trog was extremely pleased with you.
You were very hungry.

You visited 2 branches of the dungeon, and saw 11 of its levels.

You collected 615 gold pieces.
You spent 216 gold pieces at shops.

Inventory:

Hand Weapons
 k - a +1 war axe
 m - a +2 short sword of venom
 r - a +0 battleaxe of draining (weapon)
 y - a +0 shortbow
 A - a +0 shortbow
 C - a +0 long sword
 N - the +7 long sword "Olorgh" {speed, rC+ Int+4, unknown}
   (You found it on level 10 of the Dungeon)

   Attacks with this weapon are significantly faster.
   It affects your intelligence (+4).
   It protects you from cold.
Missiles
 l - 150 arrows
Armour
 n - a +2 scale mail of cold resistance
 v - +0 gold dragon scales (worn)
 z - a +0 kite shield
 B - +1 swamp dragon scales
Jewellery
 j - an uncursed ring of ice
 u - a +4 ring of protection (left hand)
 x - the ring of Tamahoot (right hand) {rPois SInv}
   (You found it on level 5 of the Dungeon)

   [ring of see invisible]

   It protects you from poison.
   It lets you see invisible.
 E - an amulet of the acrobat (around neck)
 F - an uncursed ring of poison resistance
 O - an uncursed ring of protection from magic {unknown}
Wands
 H - a wand of flame (10)
 I - a wand of digging (5)
 K - a wand of random effects (40)
Scrolls
 a - 3 scrolls of enchant armour
 e - 13 scrolls of identify
 f - 9 scrolls of teleportation
 h - 2 scrolls of magic mapping
 i - 2 scrolls of fog
 s - 2 scrolls of amnesia
 w - 2 scrolls of enchant weapon
 G - 3 scrolls of remove curse
 L - a scroll of fear {unknown}
Potions
 d - 6 potions of curing
 g - 2 potions of degeneration {unknown}
 o - 2 potions of cancellation {unknown}
 p - 3 potions of berserk rage
 q - 2 potions of invisibility {unknown}
 t - 2 potions of mutation {unknown}
 D - a potion of flight {unknown}
 J - a potion of lignification {unknown}
 M - a potion of magic {unknown}
Comestibles
 b - 8 chunks of flesh
 c - 17 rations


   Skills:
 + Level 9.4 Fighting
 + Level 2.4 Short Blades
 + Level 14.7 Axes
 + Level 8.7 Armour
 + Level 2.6 Dodging
 + Level 0.7 Stealth


You had 9 spell levels left.
You didn't know any spells.
Your spell library was empty.

Dungeon Overview and Level Annotations

Branches:
Dungeon (10/15)            Temple (1/1) D:5            Lair (0/6) D:8
    Orc: D:9-12

Altars:
Ashenzari
Cheibriados
Dithmenos
Elyvilon
Fedhas
Gozag
Hepliaklqana
Kikubaaqudgha
Makhleb
Nemelex Xobeh
Okawaru
Qazlal
Ru
Sif Muna
Trog
Uskayaw
Vehumet
Wu Jian
Xom
Yredelemnul
Zin
The Shining One

Shops:
D:8 *

Annotations:
D:10 Snorg


Message History

Snorg is moderately wounded.
Snorg bites you!
* * * LOW HITPOINT WARNING * * *
Snorg claws you but does no damage. Snorg claws you!
* * * LOW HITPOINT WARNING * * *
You are too berserk!
You are too berserk!
You closely miss Snorg.
Snorg is moderately wounded.
You hit the centaur zombie.
The centaur zombie hits you but does no damage.
You closely miss Snorg.
Snorg is moderately wounded.
You slash the centaur zombie! Snorg barely misses you.
Snorg claws you but does no damage. Snorg claws you!
* * * LOW HITPOINT WARNING * * *
Snorg bites you!
* * * LOW HITPOINT WARNING * * *
Snorg claws you but does no damage. Snorg claws you!
You die...

.## #.# ..######.# ..# #.#
.......... .. ..+ #.#
#.######.# #. ..###########^#
..# #.# ............#.#
#.###### #.###..............#
#..#...# #.......########.###
#..#...#.# #..ZT...+ #.#
#..#...#.# #...@...# #.#
#......#.# #.......+ #.#
#.#....#.# #.......# #.#
#.#....#.# #.#........ #.#
..#....#.# #.#.#.#.### #.#
..#....#.####.#.#.#... #.#
.......'......#.#.##########.#
.###...#.######.#............#
.............................#


You could see Snorg (berserk, drained) and a centaur zombie.

Vanquished Creatures
  A two-headed ogre (D:8)
  Joseph (D:8)
  Psyche (D:7)
  Maggie (D:8)
  A troll (D:9)
  A hippogriff (D:7)
  Sigmund (D:6)
  A vampire (D:10)
  3 yaks (D:9)
  Menkaure (D:5)
  2 orc warriors (D:9)
  An ice beast (D:9)
  2 sky beasts
  2 necrophages
  A phantom (D:7)
  2 ogres
  4 centaurs
  3 big kobolds
  4 bullfrogs
  2 gnoll sergeants
  4 scorpions
  A water moccasin skeleton (D:9)
  3 wights (D:9)
  2 bullfrog zombies (D:7)
  A centaur zombie (D:8)
  3 crimson imps
  2 jellies (D:9)
  3 hounds
  8 orc wizards
  7 orc priests
  Crazy Yiuf (D:6)
  An iguana (D:7)
  8 worker ants
  A worker ant zombie (D:6)
  10 gnolls
  8 adders
  A shadow imp (D:8)
  2 oozes
  3 worms
  An adder zombie (D:8)
  A dart slug (D:4)
  3 leopard geckos
  21 orcs
  2 ball pythons (D:1)
  9 bats
  3 giant cockroaches
  12 goblins
  9 hobgoblins
  2 quokkas
  2 frilled lizards
  A jackal skeleton (D:4)
  24 kobolds
  6 rats
200 creatures vanquished.

Notes
Turn   | Place    | Note
-------+----------+-------------------------------------------
     0 | D:1      | tzx the Hill Orc Berserker began the quest for the Orb.
     0 | D:1      | Reached XP level 1. HP: 19/19 MP: 1/1
   198 | D:1      | Reached XP level 2. HP: 25/27 MP: 2/2
   945 | D:2      | Reached XP level 3. HP: 33/33 MP: 3/3
   963 | D:2      | Reached ** piety under Trog
  1032 | D:1      | Reached skill level 5 in Axes
  1289 | D:2      | Reached XP level 4. HP: 35/40 MP: 4/4
  1941 | D:3      | Reached XP level 5. HP: 32/47 MP: 5/5
  1966 | D:3      | Reached skill level 1 in Short Blades
  2420 | D:3      | Found a faded altar of an unknown god.
  3071 | D:3      | Found a sacrificial altar of Ru.
  3341 | D:4      | Reached XP level 6. HP: 40/53 MP: 6/6
  3595 | D:4      | Reached skill level 6 in Axes
  3705 | D:4      | Found a blossoming altar of Fedhas.
  3894 | D:5      | Entered Level 5 of the Dungeon
  4146 | D:5      | Noticed Menkaure
  4180 | D:5      | Killed Menkaure
  4180 | D:5      | Reached XP level 7. HP: 13/60 MP: 7/7
  4434 | D:5      | Found a staircase to the Ecumenical Temple.
  4443 | Temple   | Entered the Ecumenical Temple
  4743 | D:5      | Reached skill level 5 in Fighting
  4743 | D:5      | Reached skill level 7 in Axes
  4745 | D:5      | Reached *** piety under Trog
  5041 | D:5      | Got a brightly glowing granite ring
  5521 | D:6      | Reached skill level 5 in Armour
  5556 | D:6      | Reached skill level 8 in Axes
  5713 | D:6      | Reached XP level 8. HP: 63/69 MP: 8/8
  5945 | D:6      | Found a runed translucent door.
  5946 | D:6      | Noticed Crazy Yiuf
  6014 | D:6      | Noticed Sigmund
  6040 | D:6      | Killed Sigmund
  6040 | D:6      | Reached skill level 9 in Axes
  6206 | D:6      | Killed Crazy Yiuf
  6510 | D:7      | Reached skill level 10 in Axes
  7080 | D:7      | Noticed a hippogriff
  7086 | D:7      | Killed a hippogriff
  7086 | D:7      | Reached XP level 9. HP: 78/78 MP: 9/9
  7097 | D:7      | Reached skill level 11 in Axes
  7466 | D:7      | Reached **** piety under Trog
  7688 | D:8      | Noticed Psyche
  7727 | D:7      | Killed Psyche
  7792 | D:8      | Found a staircase to the Lair.
  7832 | D:8      | Found a shimmering altar of Xom.
  7867 | D:8      | Reached skill level 12 in Axes
  7992 | D:8      | Noticed Joseph
  8016 | D:8      | Killed Joseph
  8126 | D:8      | Noticed a two-headed ogre
  8148 | D:8      | Killed a two-headed ogre
  8148 | D:8      | Reached skill level 13 in Axes
  8148 | D:8      | Reached XP level 10. HP: 44/87 MP: 10/10
  8427 | D:8      | Identified a scroll of acquirement
  8427 | D:8      | Acquired a +0 battleaxe of draining
  8653 | D:8      | Found Huckeh's General Store.
  8669 | D:8      | Found a burning altar of Makhleb.
  8688 | D:8      | Bought a potion of curing for 36 gold pieces
  8688 | D:8      | Bought a scroll of enchant weapon for 90 gold pieces
  8688 | D:8      | Bought a scroll of enchant armour for 90 gold pieces
  8813 | D:8      | Noticed Maggie
  8837 | D:8      | Killed Maggie
  8845 | D:8      | Identified the ring of Tamahoot {rPois SInv} (You found it
                  | on level 5 of the Dungeon)
  9630 | D:9      | Reached skill level 14 in Axes
  9835 | D:9      | Reached ***** piety under Trog
 10170 | D:10     | Entered Level 10 of the Dungeon
 10528 | D:10     | Got a steaming long sword
 10654 | D:10     | Noticed Snorg
 10666 | D:10     | Slain by Snorg

Illustrated notes

Levels and vault maps discovered:
D:1:      psy_arrival_radial01, layout_basic
D:2:      layout_rooms
D:3:      layout_loops_corners, chequers_ecumenical_altar_twisty, first_ration,
          nicolae_ru_awakened_eye
D:4:      layout_rooms, kennysheep_little_box, minmay_pentomino_pile
D:5:      layout_basic, minmay_temple_entry_glass, lightli_minifort,
          uniq_menkaure
D:6:      layout_basic, lemuel_flamethrower_1, uniq_crazy_yiuf_cottage,
          uniq_sigmund
D:7:      layout_gridville
D:8:      layout_basic, lair_entry_dummy, basic_altar, serial_shops,
          nicolae_shop_waterfront, xom_teletrap_fun, uniq_maggie, uniq_psyche,
          uniq_joseph
D:9:      layout_roguey
D:10:     layout_basic, uniq_snorg
Temple:   minmay_crystal_snake_temple

Skill      XL: |  1  2  3  4  5  6  7  8  9 10 |
---------------+-------------------------------+-----
Fighting       | 4 5 6 8 9 |  9.4
Axes           | 5 6 8 10 13 14 | 14.7
Dodging        | 2 |  2.6
Armour         | 3 4 5 6 8 |  8.7
Short Blades   | 2 |  2.4
Stealth        | |  0.7

Action                   |  1- 3 |  4- 6 |  7- 9 | 10-12 || total
-------------------------+-------+-------+-------+-------++-------
Melee: Hand axe          |   105 |       |       |       ||   105
       Short sword       |       |   104 |       |       ||   104
       War axe           |       |    71 |   288 |    11 ||   370
       Battleaxe         |       |       |       |   179 ||   179
Invok: Berserk           |     2 |     3 |    10 |     2 ||    17
  Use: Scroll            |       |     7 |     2 |     6 ||    15
       Potion            |       |     1 |     1 |       ||     2
  Eat: Chunk             |     3 |     5 |    11 |     6 ||    25
       Ration            |       |     2 |     3 |     1 ||     6
Armor: Animal skin       |    12 |       |       |       ||    12
       Ring mail         |    59 |    30 |       |       ||    89
       Scale mail        |       |    32 |    13 |       ||    45
       Gold dragon scale |       |       |   209 |   136 ||   345
Dodge: Dodged            |    97 |   100 |    69 |    83 ||   349
